 Dungeon Crawl Stone Soup version 0.21-a0-233-g0929f2e (webtiles) character file.

112 GordonOverkill the Poker (level 4, 0/38 HPs)
             Began as a Gnoll Monk on Sept 2, 2017.
             Slain by a gnoll
             ... wielding a +0 spear
              (6 damage)
             ... on level 1 of the Dungeon.
             The game lasted 00:04:30 (2989 turns).

GordonOverkill the Poker (Gnoll Monk)               Turns: 2989, Time: 00:04:31

Health: 0/38       AC:  5    Str:  7    XL:     4   Next: 95%
Magic:  4/4        EV: 13    Int:  7    God:
Gold:   94         SH:  0    Dex:  7    Spells: 3/3 levels left

rFire    . . .     SeeInvis .   b - +0 spear
rCold    . . .     Gourm    .   (no shield)
rNeg     . . .     Faith    .   j - +0 robe
rPois    .         Spirit   .   (no helmet)
rElec    .         Reflect  .   (no cloak)
rCorr    .         Harm     .   l - +2 pair of gloves
MR       .....                  (no boots)
Stlth    ++........             (no amulet)
HPRegen  0.12/turn              (no ring)
MPRegen  0.09/turn              (no ring)

@: no status effects
A: unchanging attributes, fangs 1, strong nose
a: no special abilities


You were on level 1 of the Dungeon.
You were not hungry.

You visited 1 branch of the dungeon, and saw 2 of its levels.

You collected 94 gold pieces.

Inventory:

Hand Weapons
 a - a +0 hunting sling
 b - a +0 spear (weapon)
Missiles
 m - 98 stones (quivered)
Armour
 j - a +0 robe (worn)
 l - a +2 pair of gloves (worn)
 q - a +0 shield
Scrolls
 e - 2 scrolls of remove curse {unknown}
 g - 2 scrolls of identify {unknown}
 h - a scroll of teleportation {unknown}
 k - a scroll of fog {unknown}
 o - a scroll of amnesia {unknown}
 v - a scroll of enchant armour {unknown}
 w - a scroll of immolation {unknown}
Potions
 d - a potion of lignification {unknown}
 i - a potion of curing
 r - a potion of heal wounds {unknown}
 s - a potion of flight {unknown}
 t - 2 potions of brilliance {unknown}
Books
 p - a book of Misfortune

   Spells                             Type                      Level
   a - Confusing Touch                Hexes                        1
   b - Confuse                        Hexes                        3
   c - Gell's Gravitas                Translocation                3
   d - Petrify                        Transmutation/Earth          4
   e - Metabolic Englaciation         Hexes/Ice                    5
   f - Yara's Violent Unravelling     Hexes/Transmutation          5
Comestibles
 c - a bread ration
 f - 2 royal jellies
 n - 2 meat rations


   Skills:
 + Level 4.9 Fighting
 * Level 5.9 Polearms
 + Level 1.0 Throwing
 - Level 4.0 Dodging
 - Level 2.4 Stealth
 * Level 2.2 Shields


You had 3 spell levels left.
You didn't know any spells.

Dungeon Overview and Level Annotations

Branches:
Dungeon (2/15)

Altars:
Elyvilon


Innate Abilities, Weirdness & Mutations

Your physical attributes are unchanging.
You have very sharp teeth.
Your uncanny sense of smell can sniff out nearby items.


Message History

The gnoll hits you but does no damage.
You closely miss the gnoll. The gnoll closely misses you.
You hit the gnoll but do no damage. The gnoll hits you with a spear.
You closely miss the gnoll. Your bite misses the gnoll.
The gnoll hits you with a spear.
You hit the gnoll but do no damage. The gnoll hits you with a spear.
You hit the gnoll but do no damage. The gnoll hits you with a spear.
* * * LOW HITPOINT WARNING * * *
The gnoll hits you with a spear.
* * * LOW HITPOINT WARNING * * *
The gnoll hits you from afar with a spear.
* * * LOW HITPOINT WARNING * * *
It was a potion of curing.
You feel better.
The gnoll hits you from afar with a spear.
* * * LOW HITPOINT WARNING * * *
The gnoll closely misses you.
The gnoll hits you from afar with a spear.
* * * LOW HITPOINT WARNING * * *
The gnoll hits you from afar with a spear.
You die...

#.# #.#
#.# #.#
#.# #.#
#.#
######.#
#...@..#
#>g....#
#<.....#
#......#
########


You could see a gnoll.

Vanquished Creatures
  2 gnolls (D:1)
  5 adders (D:2)
  2 worms (D:2)
  3 dart slugs
  A leopard gecko (D:1)
  A ball python (D:2)
  4 bats
  2 giant cockroaches (D:2)
  6 goblins
  4 hobgoblins
  A quokka (D:2)
  3 frilled lizards
  A kobold (D:2)
  6 rats
41 creatures vanquished.

Notes
Turn   | Place    | Note
-------+----------+-------------------------------------------
     0 | D:1      | GordonOverkill the Gnoll Monk began the quest for the Orb.
     0 | D:1      | Reached XP level 1. HP: 19/19 MP: 1/1
    15 | D:1      | You fall through a shaft!
    35 | D:2      | Reached XP level 2. HP: 8/26 MP: 2/2
   586 | D:1      | Reached skill level 5 in Polearms
   586 | D:1      | Reached XP level 3. HP: 31/31 MP: 3/3
   915 | D:2      | Found a white marble altar of Elyvilon.
  1265 | D:2      | Reached skill level 1 in Shields
  1660 | D:2      | Reached XP level 4. HP: 38/38 MP: 4/4
  2542 | D:2      | Reached skill level 1 in Throwing
  2986 | D:1      | HP: 1/38 [gnoll/spear (3)]
  2989 | D:1      | Slain by a gnoll

Vault maps used:
D:1:      dpeg_arrival_fog, minivault_24, minmay_fountain_box,
          kennysheep_decorative_pillar
D:2:      nicolae_overflow_hidden_temple

Skill      XL: |  1  2  3  4 |
---------------+-------------+-----
Polearms       | 5 |  5.9
Shields        | 1 2 |  2.2
Throwing       | 1 |  1.0
Fighting       | |  4.9
Dodging        | |  4.0
Stealth        | |  2.4

Action                   |  1- 3 |  4- 6 || total
-------------------------+-------+-------++-------
Melee: Spear             |   104 |    94 ||   198
       Bite              |     5 |     3 ||     8
 Fire: Hunting sling     |    18 |    54 ||    72
Throw: Stone             |       |     1 ||     1
  Use: Potion            |       |     1 ||     1
 Stab: Sleeping          |     1 |     1 ||     2
  Eat: Chunk             |     2 |     5 ||     7
Armor: Robe              |    14 |    11 ||    25
Dodge: Dodged            |    57 |    77 ||   134

Table legend:
 A = Spawn XP
 B = Non-spawn XP
 C = Spawn XP percentage of total XP
 D = Spawn monster count
 E = Non-spawn monster count
 F = Spawn count percentage of total count
 G = Total turns spent on level
                    A         B        C        D         E        F      G
               +---------+---------+-------+---------+---------+-------+---------
         Total |      47 |     114 |  29.2 |      13 |      28 |  31.7 |  2989
               +---------+---------+-------+---------+---------+-------+---------
           D:1 |      30 |      22 |  57.7 |       4 |      11 |  26.7 |   921
           D:2 |      17 |      92 |  15.6 |       9 |      17 |  34.6 |  2068
               +---------+---------+-------+---------+---------+-------+---------
